Map: Efflorescence LE

Players

qqq

  • Race: Zerg Zerg
  • Spawn Location: 3:00

Massa

  • Race: Terran Terran
  • League: Platinum
  • Spawn Location: 12:00

DonMed

  • Race: Terran Terran
  • Spawn Location: 9:00

Mendou

  • Race: Protoss Protoss
  • Spawn Location: 6:00

VOD

Have the link to the VOD?

Description

Time

  • Played on: Oct. 27, 2020, 3:39 p.m.
  • Length: 6:15
Show
View Real Time Build Order
Export as new Build Order

qqq Zerg 

Build Orders: Hatch First 

Get SALT Encoding   

  12  0:03  Drone  
  13  0:12  Drone  
  14  0:37  Hatchery  
  13  0:54  Drone  
  14  0:59  Spawning Pool  
  14  1:03  Overlord  
  13  1:09  Drone  
  14  1:13  Extractor  
  14  1:15  Drone  
  14  1:22  Drone  
  15  1:32  Drone  
  16  1:50  Drone, Queen  
  19  1:55  Drone x2  
  21  2:07  Drone  
  22  2:10  Overlord  
  22  2:14  Queen  
  24  2:19  Drone  
  24  2:20  Drone  
  26  2:35  Drone  
  26  2:36  Roach Warren  
  25  2:38  Drone  
  25  2:43  Drone  
  27  2:52  Drone  
  27  2:54  Drone  
  27  2:57  Lair  
  29  2:59  Drone  
  30  3:08  Zergling x6  
  30  3:12  Zergling x2  
  34  3:14  Zergling x2  
  34  3:17  Zergling x2  
  36  3:21  Overlord  
  36  3:24  Overlord  
  36  3:40  Roach x3  
  36  3:41  Roach  
  42  3:48  Roach x2  
  44  3:49  Drone  
  45  4:01  Roach  
  45  4:05  Roach  
  47  4:13  Roach x2  
  51  4:22  Roach  
  51  4:25  Zergling x4  
  51  4:38  Roach x2  
  51  4:40  Drone  
  51  4:41  Overlord x2  
  52  4:50  Extractor  
  49  4:56  Spine Crawler  
  42  5:05  Roach x3  
  42  5:06  Zergling x2  
  42  5:07  Zergling x4  
  42  5:19  Roach  
  42  5:20  Roach  
  32  5:31  Zergling x6  
  32  5:32  Drone x2  
  34  5:40  Roach  
  34  5:41  Roach  
  29  5:53  Roach  
Show
View Real Time Build Order
Export as new Build Order

Massa Terran 

Build Orders:  

Get SALT Encoding   

  12  0:00  SCV  
  13  0:12  SCV  
  14  0:21  Supply Depot  
  14  0:24  SCV  
  15  0:40  Refinery  
  15  0:43  SCV  
  15  0:45  Barracks  
  16  0:55  SCV  
  17  1:28  SCV  
  18  1:40  SCV  
  19  1:50  Reaper  
  19  1:52  SCV  
  21  2:03  Command Center  
  21  2:04  SCV  
  22  2:18  Supply Depot  
  22  2:19  Factory  
  22  2:20  Orbital Command  
  22  2:24  Marine  
  23  2:42  Barracks Tech Lab  
  23  2:48  Supply Depot  
  23  2:50  SCV  
  24  2:57  Barracks  
  24  3:02  SCV  
  24  3:04  Marauder  
  27  3:09  Bunker  
  26  3:14  Widow Mine  
  28  3:25  Marauder  
  30  3:32  Supply Depot  
  30  3:34  Supply Depot  
  29  3:35  Supply Depot  
  27  3:45  Marine  
  23  4:03  Marine  
  23  4:04  Barracks  
  23  4:06  Barracks  
  23  4:07  Bunker  
  23  4:13  Marine  
  22  4:20  Widow Mine  
  22  4:21  Marine  
  25  4:30  Marine  
  26  4:39  Marine  
  26  4:40  SCV  
  26  4:41  Widow Mine  
  30  4:48  Marine  
  31  4:57  Bunker, Marine  
  31  4:58  Marine x2  
  32  5:06  Marine  
  33  5:11  Hellion  
  35  5:15  Marine  
  35  5:16  Marine x2  
  38  5:23  Orbital Command  
  38  5:24  Marine  
  39  5:32  Hellion, Marine  
  39  5:34  Marine  
  43  5:51  Marine  
Show
View Real Time Build Order
Export as new Build Order

DonMed Terran 

Build Orders: 2 Factory, Hellion Opening 

Get SALT Encoding   

  12  0:00  SCV  
  13  0:13  SCV  
  14  0:18  Supply Depot  
  14  0:25  Refinery  
  14  0:29  SCV  
  15  0:43  Barracks  
  15  0:51  SCV  
  16  0:57  Refinery  
  16  1:04  SCV  
  17  1:20  SCV  
  18  1:33  Factory  
  18  1:41  Orbital Command  
  18  1:44  Barracks Reactor  
  18  2:02  Supply Depot  
  18  2:14  SCV  
  18  2:28  Hellion x2  
  22  2:32  Barracks Tech Lab  
  22  2:34  Factory  
  23  2:37  SCV, Supply Depot  
  23  2:52  Hellion x2  
  27  3:02  SCV  
  28  3:09  Supply Depot  
  28  3:14  SCV  
  29  3:24  Hellion x2  
  33  3:28  SCV  
  34  3:54  Hellion  
  34  3:55  Hellion x2  
  38  4:14  SCV  
  38  4:16  Hellion  
  41  4:24  Infernal Pre-Igniter  
  41  4:26  SCV  
  42  4:33  Command Center  
  40  4:40  Barracks Tech Lab  
  40  4:42  Barracks  
  40  4:43  Supply Depot  
  40  4:58  Hellion x3  
  44  5:20  Hellion x3  
  48  5:34  Supply Depot  
  48  5:41  Hellion x3  
Show
View Real Time Build Order
Export as new Build Order

Mendou Protoss 

Build Orders:  

Get SALT Encoding   

  12  0:00  Probe  
  13  0:12  Probe  
  14  0:19  Pylon  
  14  0:29  Probe  
  15  0:37  Gateway  
  15  0:41  Assimilator  
  15  0:47  Probe  
  16  1:01  Probe, Gateway  
  17  1:20  Pylon  
  17  1:23  Probe  
  18  1:27  Cybernetics Core  
  18  1:45  Pylon  
  17  1:54  Stalker x2  
  17  1:57  Gateway  
  17  2:02  Warp Gate (Chrono Boost)  
  21  2:12  Assimilator  
  21  2:23  Pylon  
  21  2:35  Stalker  
  23  2:43  Shield Battery  
  23  2:49  Shield Battery  
  23  2:59  Stalker  
  23  3:02  Probe  
  26  3:46  Stalker x3  
  32  3:52  Gateway  
  32  4:16  Stalker x2  
  34  4:35  Stalker  
  36  4:46  Twilight Council  
  34  5:11  Stalker x2  
  34  5:13  Pylon  
  30  5:47  Stalker x3  
Tags
 
Add a new tag
Caveats
  • Supply blocks, unpowered buildings, or Contaminate may cause inaccurate times.
  • Supply counts are checked every 10 seconds.